 Dungeon Crawl Stone Soup version 0.29.1 (webtiles) character file.

Game seed: 18144026520276897554

622 RogueRain17 the Insei (level 7, 0/46 (47) HPs)
             Began as a Gnoll Transmuter on Sept 14, 2022.
             Was a Priest of Hepliaklqana.
             Slain by a wight
             ... wielding a +4 short sword
              (11 damage)
             ... on level 6 of the Dungeon.
             The game lasted 00:19:26 (4046 turns).

RogueRain17 the Insei (Gnoll Transmuter)            Turns: 4046, Time: 00:19:27

HP:   0/46 (47)     AC:  2    Str: 11    XL:     7   Next: 46%
MP:   14/15         EV: 14    Int: 12    God:    Hepliaklqana [***...]
Gold: 176           SH:  0    Dex: 13    Spells: 16/17 levels left

rFire   . . .      SeeInvis .     - Unarmed
rCold   . . .      Faith    .   (no shield)
rNeg    . . .      Spirit   .   a - +0 robe
rPois   .          Reflect  .   (helmet currently unavailable)
rElec   .          Harm     .   (no cloak)
rCorr   .          Rampage  .   (no gloves)
Will    .....                   (boots currently unavailable)
Stlth   ++........              (no amulet)
HPRegen 0.15/turn               (no ring)
MPRegen 0.14/turn               (no ring)

@: appendages (expiring), lightly drained
A: horns 2, talons 2, reduced essence, fangs 1, strong nose, distributed
training
a: End Transformation, Renounce Religion, Recall Ancestor, Ancestor Identity,
Transference


You were on level 6 of the Dungeon.
You worshipped Hepliaklqana.
Hepliaklqana was most pleased with you.
You had temporarily grown beastly horns and talons.
You visited 1 branch of the dungeon, and saw 6 of its levels.

You collected 176 gold pieces.

Inventory:

Hand Weapons
 v - a +5 trident of flaming
Armour
 a - a +0 robe (worn)
 h - a +1 helmet of see invisible (melded)
 w - a +0 kite shield
Jewellery
 o - a ring of flight
 p - a ring of magical power
Scrolls
 d - 3 scrolls of teleportation
 e - 2 scrolls of summoning {unknown}
 f - 2 scrolls of identify
 g - a scroll of poison {unknown}
 i - a scroll of amnesia {unknown}
 l - a scroll of magic mapping {unknown}
 q - 2 scrolls of butterflies {unknown}
 r - a scroll of vulnerability {unknown}
 t - a scroll of enchant weapon {unknown}
Potions
 b - a potion of lignification
 c - a potion of heal wounds
 j - a potion of mutation
 m - a potion of flight
 n - a potion of attraction {unknown}
 s - 2 potions of curing {unknown}
 u - 2 potions of haste {unknown}


   Skills:
 + Level 3.7 Fighting
 + Level 2.6 Short Blades
 + Level 2.6 Long Blades
 + Level 2.6 Axes
 + Level 2.6 Maces & Flails
 + Level 2.6 Polearms
 + Level 2.6 Staves
 + Level 2.6 Ranged Weapons
 + Level 2.6 Throwing
 + Level 2.6 Armour
 + Level 5.3 Dodging
 + Level 2.6 Stealth
 + Level 2.6 Shields
 + Level 7.1 Unarmed Combat
 + Level 5.7 Spellcasting
 + Level 2.1 Conjurations
 + Level 2.1 Hexes
 + Level 2.1 Summonings
 + Level 2.1 Necromancy
 + Level 2.1 Translocations
 + Level 4.4 Transmutations
 + Level 2.1 Fire Magic
 + Level 2.1 Ice Magic
 + Level 2.1 Air Magic
 + Level 2.1 Earth Magic
 + Level 2.1 Poison Magic
 + Level 2.9 Invocations
 + Level 2.6 Evocations


You had 16 spell levels left.
You knew the following spells:

 Your Spells              Type           Power      Damage    Failure   Level
a - Beastly Appendage     Tmut           26%        N/A       3%          1

Your spell library contained the following spells:

 Spells                   Type           Power      Damage    Failure   Level
 Wereblood                Tmut           13%        N/A       4%          2
 Spider Form              Tmut/Pois      11%        N/A       14%         3
 Ignite Poison            Fire/Tmut/Pois 10%        N/A       17%         3
 Conjure Flame            Conj/Fire      8%         6-21      24%         3
 Ozocubu's Armour         Ice            8%         N/A       24%         3
 Ice Form                 Ice/Tmut       11%        N/A       43%         4
 Sticky Flame             Conj/Fire      8%         2d3       61%         4
 Ozocubu's Refrigeration  Ice            4%         4d8       100%        7


Dungeon Overview and Level Annotations

Branches:
Dungeon (5/15)
 Temple: D:4-7

Altars:
Gozag
Hepliaklqana
The Shining One

Shops:
D:2 (

Annotations:
D:2 Sigmund


Innate Abilities, Weirdness & Mutations

You have temporarily grown beastly horns and talons.
Your life essence is reduced to manifest your ancestor. (-10% HP)
You have very sharp teeth.
Your uncanny sense of smell can sniff out nearby items.
Your experience applies equally to all skills.


Message History

You are already wielding that!
Your +3 dagger of venom stops dripping with poison.
You are now empty-handed.
You drop a +3 dagger of venom.
The wight misses you.
Ahhotep barely misses the wight.
Casting: Beastly Appendage (safe; 3% risk of failure)
Confirm with . or Enter, or press ? or * to list all spells.
You extend your transformation's duration.
The wight completely misses you.
Ahhotep points at the wight and mumbles some strange words.
The puff of frost hits the wight.
The wight resists.
The wight misses you.
The wight hits Ahhotep with a +5 great sword of freezing!
The wight freezes Ahhotep.
Ahhotep closely misses the wight.
You hit the wight but do no damage. You claw the wight.
The wight is lightly damaged.
The wight closely misses you.
The wight hits you from afar with a +1 halberd!
The wight hits Ahhotep with a +5 great sword of freezing!!
The wight freezes Ahhotep.
Ahhotep is destroyed!
The wight attacks as you move away! The wight closely misses you.
Okay, then.
The wight attacks as you move away!
The wight hits you with a +4 short sword.
The wight attacks as you move away!
The wight hits you with a +4 short sword!
The wight attacks as you move away!
The wight hits you with a +4 short sword!
* * * LOW HITPOINT WARNING * * *
You feel drained.
* * * LOW HITPOINT WARNING * * *
Your transformation is almost over.
Things that are here:
a +0 club; a gnoll corpse The wight attacks as you move away!
The wight barely misses you.
Things that are here:
a +0 ring mail; a gnoll corpse The wight attacks as you move away!
The wight hits you with a +4 short sword!
You die...

.### ##..## #.# .##
...######..## #.##..## .
.....)z....# ##.##..## ..
...).####..# #..#...##...
....## #.### ##....[..... ...##
#...###### ##.......... ..##
#...)....###........... ..#
##....zzz.)............. ...#
#..######@)....[........ ....#
#..# ###.............
.....###.## #.............
......#..# #.............
.........##########............
.........)R....................
...............................
............###...........
..........### ###.


You could see 3 wights.

Vanquished Creatures
  Natasha (D:4)
  A dart slug (D:1)
  2 orcs (D:3)
  12 ball pythons
  4 endoplasms
  2 giant cockroaches (D:4)
  3 goblins (D:1)
  3 hobgoblins
  3 jackals (D:1)
  4 quokkas
  4 bats
  5 frilled lizards
  3 kobolds
  5 rats
52 creatures vanquished.

Vanquished Creatures (collateral kills)
  A gnoll sergeant (D:6)
  3 scorpions (D:4)
  2 wights (D:6)
  An iguana (D:4)
  Jessica (D:2)
  Natasha (twice) (D:4)
  5 gnolls (D:6)
  3 adders (D:3)
  A dart slug (D:4)
  5 orcs
  3 endoplasms
  2 giant cockroaches (D:4)
  2 goblins
  A kobold (D:3)
  2 quokkas
  2 ball pythons
  A bat (D:2)
  A rat (D:3)
38 creatures vanquished.

Vanquished Creatures (others)
  A battlemage (D:6)
  An ancestor (D:2)
2 creatures vanquished.

Grand Total: 92 creatures vanquished

Notes
Turn   | Place    | Note
-------+----------+-------------------------------------------
     0 | D:1      | RogueRain17 the Gnoll Transmuter began the quest for the
                  | Orb.
     0 | D:1      | Reached XP level 1. HP: 17/17 MP: 6/6
   305 | D:1      | Reached XP level 2. HP: 15/23 MP: 7/7
   520 | D:1      | Found a faded altar of an unknown god.
   644 | D:1      | Prayed at the altar of an unknown god.
   644 | D:1      | Became a worshipper of Hepliaklqana the Forgotten
   644 | D:1      | Reached * piety under Hepliaklqana
   943 | D:1      | Reached skill level 5 in Spellcasting
   943 | D:1      | Reached XP level 3. HP: 25/25 MP: 7/9
  1315 | D:2      | Reached skill level 1 in Invocations
  1320 | D:2      | Noticed Sigmund
  1372 | D:2      | Found a glowing golden altar of the Shining One.
  1719 | D:2      | Noticed Jessica
  1724 | D:2      | Killed Jessica
  1725 | D:2      | Reached skill level 1 in Short Blades
  1725 | D:2      | Reached skill level 1 in Long Blades
  1725 | D:2      | Reached skill level 1 in Axes
  1725 | D:2      | Reached skill level 1 in Maces & Flails
  1725 | D:2      | Reached skill level 1 in Polearms
  1725 | D:2      | Reached skill level 1 in Staves
  1725 | D:2      | Reached skill level 1 in Ranged Weapons
  1725 | D:2      | Reached skill level 1 in Throwing
  1725 | D:2      | Reached skill level 1 in Armour
  1725 | D:2      | Reached skill level 1 in Stealth
  1725 | D:2      | Reached skill level 1 in Shields
  1725 | D:2      | Reached skill level 1 in Evocations
  1725 | D:2      | Reached XP level 4. HP: 25/30 MP: 9/11
  1904 | D:2      | Found Todee's Weapon Boutique.
  1921 | D:3      | Reached ** piety under Hepliaklqana
  1932 | D:3      | Reached skill level 1 in Conjurations
  1932 | D:3      | Reached skill level 1 in Hexes
  1932 | D:3      | Reached skill level 1 in Summonings
  1932 | D:3      | Reached skill level 1 in Necromancy
  1932 | D:3      | Reached skill level 1 in Translocations
  1932 | D:3      | Reached skill level 1 in Fire Magic
  1932 | D:3      | Reached skill level 1 in Ice Magic
  1932 | D:3      | Reached skill level 1 in Air Magic
  1932 | D:3      | Reached skill level 1 in Earth Magic
  1932 | D:3      | Reached skill level 1 in Poison Magic
  1932 | D:3      | Remembered your ancestor Ahhotep as a battlemage
  2528 | D:3      | Reached XP level 5. HP: 36/36 MP: 9/12
  2570 | D:3      | Found an opulent altar of Gozag.
  3097 | D:4      | Reached *** piety under Hepliaklqana
  3131 | D:4      | Reached skill level 5 in Dodging
  3131 | D:4      | Reached XP level 6. HP: 42/42 MP: 11/14
  3153 | D:4      | Noticed Natasha
  3158 | D:4      | Killed Natasha
  3232 | D:4      | Noticed Natasha
  3237 | D:4      | Killed Natasha
  3463 | D:4      | Noticed Natasha
  3468 | D:4      | Killed Natasha
  3793 | D:5      | Entered Level 5 of the Dungeon
  3793 | D:5      | You fall into a shaft and drop 1 floor!
  3817 | D:6      | Reached XP level 7. HP: 46/46 MP: 15/15
  3819 | D:6      | Reached skill level 7 in Unarmed Combat
  4046 | D:6      | Slain by a wight

Illustrated notes

Levels and vault maps discovered:
D:1:      minmay_arrival_plants_in_alcoves, layout_basic,
          hellmonk_ecumenical_altar_lost_god
D:2:      layout_loops_ring, serial_shops, nicolae_shop_crystal, basic_altar,
          uniq_sigmund, uniq_jessica, uniq_crazy_yiuf_cottage
D:3:      layout_loops_ring, mainiacjoe_overflow_alcove_2
D:4:      layout_loops_ring, hangedman_decor_slide_cut, uniq_natasha
D:5:      layout_basic, serial_shops, shop, minmay_quadrilaterals, uniq_menkaure
D:6:      layout_layer_cave, xom_teletrap_fun, uniq_eustachio

Skill      XL: |  1  2  3  4  5  6  7 |
---------------+----------------------+-----
Spellcasting   | 5 |  5.7
Invocations    | 1 2 |  2.9
Short Blades   | 1 2 |  2.6
Long Blades    | 1 2 |  2.6
Axes           | 1 2 |  2.6
Maces & Flails | 1 2 |  2.6
Polearms       | 1 2 |  2.6
Staves         | 1 2 |  2.6
Ranged Weapons | 1 2 |  2.6
Throwing       | 1 2 |  2.6
Armour         | 1 2 |  2.6
Stealth        | 1 2 |  2.6
Shields        | 1 2 |  2.6
Evocations     | 1 2 |  2.6
Conjurations   | 1 2 |  2.1
Hexes          | 1 2 |  2.1
Summonings     | 1 2 |  2.1
Necromancy     | 1 2 |  2.1
Translocations | 1 2 |  2.1
Fire Magic     | 1 2 |  2.1
Ice Magic      | 1 2 |  2.1
Air Magic      | 1 2 |  2.1
Earth Magic    | 1 2 |  2.1
Poison Magic   | 1 2 |  2.1
Fighting       | 3 |  3.7
Transmutations | 4 |  4.4
Dodging        | 5 |  5.3
Unarmed Combat | 7 |  7.1

Action                   |  1- 3 |  4- 6 |  7- 9 || total
-------------------------+-------+-------+-------++-------
Melee: Unarmed           |    80 |     4 |     1 ||    85
       Bite              |     5 |       |       ||     5
       Kick              |     5 |     3 |     1 ||     9
       Headbutt          |     2 |     6 |     1 ||     9
       Punch             |     1 |     1 |       ||     2
       Dagger            |       |    33 |     3 ||    36
 Cast: Beastly Appendage |     7 |     9 |     2 ||    18
Invok: Ancestor Identity |     1 |       |       ||     1
       Ancestor Life: Ba |       |     1 |       ||     1
       Recall Ancestor   |       |     1 |     1 ||     2
  Use: Potion            |     1 |       |       ||     1
       Scroll            |       |       |     3 ||     3
 Stab: Sleeping          |     2 |     3 |       ||     5
       Distracted        |     1 |       |       ||     1
Armor: Robe              |    13 |     5 |       ||    18
Dodge: Dodged            |    40 |    14 |     7 ||    61
